Map: [ESL] Oceanborn

Players

BattleB

  • Race: Terran Terran
  • Spawn Location: 5:00

Strange - Winner!

  • Race: Protoss Protoss
  • Spawn Location: 11:00

Event: ESL SC2 Masters 2024 Spring (Regional)

VOD

Have the link to the VOD?

Description

Time

  • Played on: April 18, 2024, 12:40 p.m.
  • Length: 9:13

All games in this series

Show
View Real Time Build Order
Export as new Build Order

BattleB Terran 

Build Orders: Cyclone Opening, Reaper Expand 

Get SALT Encoding   

  12  0:00  SCV  
  13  0:12  SCV  
  14  0:16  Supply Depot  
  14  0:25  SCV  
  15  0:38  SCV  
  15  0:39  Barracks  
  15  0:42  Refinery  
  16  0:50  SCV  
  17  1:02  SCV  
  18  1:14  SCV  
  19  1:28  Reaper  
  19  1:29  Orbital Command  
  20  1:42  Command Center  
  20  1:48  Supply Depot  
  20  1:54  SCV  
  20  2:00  Marine  
  22  2:06  SCV  
  22  2:07  Factory  
  23  2:16  Bunker  
  23  2:18  SCV  
  23  2:20  Barracks Reactor  
  24  2:27  Barracks  
  24  2:30  SCV  
  25  2:38  Refinery  
  25  2:43  SCV  
  26  2:51  Cyclone  
  28  2:55  SCV  
  28  2:56  Orbital Command  
  28  2:58  Marine  
  30  2:59  Marine  
  31  3:07  SCV  
  32  3:15  Marine  
  32  3:16  Barracks Tech Lab  
  32  3:17  Marine  
  32  3:19  SCV  
  35  3:25  SCV  
  35  3:26  Factory Tech Lab  
  35  3:33  Supply Depot  
  35  3:34  SCV  
  35  3:37  SCV, Marine x2  
  39  3:42  Combat Shield  
  39  3:43  Marauder  
  41  3:51  SCV x2, Siege Tank  
  46  3:57  Supply Depot  
  46  3:58  Marine x2  
  48  4:03  SCV  
  48  4:04  SCV  
  48  4:06  Marauder  
  52  4:16  Marine x2  
  54  4:18  SCV x2  
  54  4:20  Supply Depot  
  56  4:31  SCV  
  56  4:33  SCV  
  56  4:34  Command Center  
  56  4:37  Siege Tank  
  60  4:39  Marine x2  
  60  4:43  Marauder  
  64  4:48  SCV  
  64  4:49  SCV  
  64  4:50  Supply Depot  
  66  4:58  Supply Depot, Marine x2  
  68  5:01  Stimpack  
  68  5:03  SCV x2  
  70  5:08  Barracks  
  70  5:12  Marauder  
  72  5:15  Bunker  
  72  5:16  SCV x2  
  72  5:17  Marine  
  72  5:18  Marine  
  76  5:24  Siege Tank  
  79  5:31  SCV  
  79  5:32  SCV  
  79  5:33  Supply Depot  
  80  5:38  Marauder, Marine x2  
  80  5:41  Refinery x2  
  79  5:47  SCV, Engineering Bay  
  79  5:49  Engineering Bay  
  80  5:52  Orbital Command  
  80  5:54  SCV  
  81  6:03  Marauder  
  81  6:04  Starport  
  83  6:06  Marine x2  
  83  6:09  SCV x2  
  87  6:11  Factory Reactor  
  87  6:12  Concussive Shells  
  87  6:13  Marauder  
  89  6:19  Missile Turret  
  89  6:20  Terran Infantry Weapons Level 1  
  89  6:21  SCV x2  
  89  6:24  Terran Infantry Armor Level 1  
  91  6:26  Marine x2  
  91  6:27  Supply Depot, Orbital Command  
  91  6:30  Marauder  
  95  6:34  Supply Depot  
  95  6:36  Marauder  
  97  6:44  Barracks  
  97  6:45  Barracks  
  97  6:46  SCV x2  
  98  6:47  Marine x2  
  100  6:56  SCV, Factory Reactor  
  100  6:58  SCV  
  100  7:01  Medivac x2, Supply Depot, Marauder x2  
  106  7:06  SCV  
  106  7:08  SCV  
  112  7:09  Marine x2  
  112  7:11  Supply Depot  
  113  7:17  SCV  
  113  7:18  SCV  
  113  7:20  Supply Depot  
  113  7:22  SCV, Armory  
  116  7:26  Marauder x2  
  116  7:28  Marine x2  
  122  7:30  SCV x2  
  122  7:34  Medivac x2  
  128  7:40  Barracks Tech Lab, Barracks Reactor  
  128  7:43  Refinery  
  127  7:44  SCV x2, Refinery  
  127  7:45  SCV  
  127  7:48  Supply Depot  
  130  7:53  Marauder x2  
  134  8:00  SCV x3  
  134  8:02  Bunker, Marine x2  
  139  8:09  Ghost Academy, Viking  
  139  8:11  Viking  
  142  8:14  SCV x2  
  144  8:23  Missile Turret  
  143  8:27  Marine x4  
  143  8:30  Marine x2  
  143  8:32  Marine  
  152  8:34  Widow Mine x2  
  154  8:45  Marine  
  154  8:46  Marine  
  136  8:49  SCV x2  
  136  8:52  Marine x2  
  136  8:53  SCV  
Show
View Real Time Build Order
Export as new Build Order

Strange Protoss - Winner!

Build Orders: 1 Gate Expand, Zealot Archon, Colossus Rush 

Get SALT Encoding   

  12  0:00  Probe  
  13  0:12  Probe  
  14  0:17  Pylon  
  14  0:24  Probe (Chrono Boost)  
  16  0:36  Probe (Chrono Boost), Gateway  
  16  0:43  Probe (Chrono Boost)  
  16  0:45  Assimilator  
  17  0:51  Probe  
  18  1:03  Probe  
  19  1:15  Probe  
  20  1:24  Cybernetics Core  
  20  1:32  Nexus  
  20  1:37  Pylon  
  20  1:42  Probe  
  21  1:50  Assimilator  
  21  1:54  Probe  
  22  1:57  Adept (Chrono Boost)  
  24  2:03  Shield Battery  
  24  2:06  Probe  
  25  2:09  Warp Gate  
  25  2:18  Probe  
  25  2:19  Stalker (Chrono Boost)  
  28  2:34  Robotics Facility  
  29  2:39  Probe (Chrono Boost)  
  29  2:45  Probe (Chrono Boost)  
  31  2:54  Probe x2 (Chrono Boost)  
  32  2:59  Probe  
  32  3:01  Probe  
  32  3:03  Adept  
  36  3:11  Probe  
  37  3:13  Probe  
  37  3:14  Gateway  
  38  3:21  Observer  
  38  3:23  Probe (Chrono Boost)  
  41  3:29  Probe (Chrono Boost)  
  41  3:33  Pylon  
  42  3:35  Probe (Chrono Boost)  
  42  3:36  Assimilator  
  42  3:38  Assimilator  
  42  3:39  Observer  
  42  3:40  Probe x2 (Chrono Boost)  
  43  3:49  Probe  
  43  3:51  Probe  
  43  3:55  Robotics Bay  
  45  3:57  Observer  
  45  4:01  Probe  
  47  4:03  Probe  
  47  4:08  Stalker x2  
  52  4:10  Pylon  
  52  4:13  Probe  
  52  4:15  Probe  
  54  4:28  Probe x2  
  56  4:35  Nexus  
  56  4:37  Pylon  
  56  4:44  Colossus (Chrono Boost)  
  62  4:55  Probe  
  62  4:56  Sentry, Probe, Adept  
  68  5:02  Extended Thermal Lance  
  68  5:03  Pylon  
  68  5:08  Probe x2  
  70  5:23  Zealot x2, Pylon  
  70  5:24  Nexus  
  73  5:34  Forge  
  72  5:36  Twilight Council  
  72  5:40  Colossus (Chrono Boost)  
  72  5:41  Pylon, Probe  
  72  5:42  Probe  
  76  5:52  Sentry  
  76  5:56  Pylon  
  78  5:59  Probe x2  
  78  6:03  Protoss Ground Weapons Level 1 (Chrono Boost)  
  80  6:05  Charge  
  80  6:10  Sentry  
  82  6:11  Probe x2  
  82  6:12  Shield Battery  
  82  6:13  Observer  
  84  6:19  Sentry  
  84  6:22  Colossus (Chrono Boost)  
  84  6:23  Probe x2  
  84  6:25  Gateway  
  94  6:26  Gateway  
  94  6:36  Probe x2  
  96  6:41  Gateway  
  96  6:43  Gateway  
  96  6:47  Probe  
  96  6:48  Probe x2  
  96  6:53  Gateway x2  
  99  6:59  Probe  
  99  7:00  Probe  
  101  7:02  Immortal (Chrono Boost)  
  101  7:07  Templar Archives  
  105  7:15  Pylon  
  105  7:16  Pylon  
  105  7:21  Pylon  
  105  7:28  Warp Prism  
  105  7:29  Pylon, Zealot x2  
  109  7:36  Zealot  
  113  7:37  Zealot  
  113  7:43  Pylon  
  115  7:44  Pylon  
  115  7:45  Gateway x2  
  115  7:50  High Templar x4  
  123  7:51  Zealot x2  
  123  7:54  Archon x2  
  127  8:01  Nexus  
  127  8:12  Zealot x4  
  135  8:17  Pylon  
  135  8:29  Zealot x4  
  135  8:33  Zealot x4  
  151  8:46  Zealot x2  
  121  8:50  Zealot x4  
  121  8:54  Zealot x3  
  115  8:58  Zealot  
  105  9:08  Zealot x2  
  103  9:11  High Templar x3  
Tags
 
Add a new tag
Caveats
  • Supply blocks, unpowered buildings, or Contaminate may cause inaccurate times.
  • Supply counts are checked every 10 seconds.